Map: Costas tropicales

Players

MrFercho - Winner!

  • Race: Zerg Zerg
  • Spawn Location: 0:00

tigro

  • Race: Terran Terran
  • Spawn Location: 5:00

VOD

Have the link to the VOD?

Description

Time

  • Played on: April 7, 2020, 9:57 p.m.
  • Length: 36:19
Show
View Real Time Build Order
Export as new Build Order

MrFercho Zerg - Winner!

Build Orders: Pool First 

Get SALT Encoding   

  12  0:05  Drone  
  13  0:15  Overlord  
  13  0:19  Drone  
  14  0:28  Extractor  
  13  0:29  Drone  
  13  0:33  Extractor  
  13  0:36  Drone  
  14  0:47  Overlord  
  14  0:51  Drone  
  15  1:00  Drone  
  16  1:16  Spawning Pool  
  16  1:18  Drone  
  16  1:30  Drone  
  17  1:46  Drone  
  17  1:47  Drone  
  19  2:03  Drone x2  
  21  2:08  Metabolic Boost  
  21  2:12  Hatchery  
  20  2:21  Drone  
  21  2:47  Zergling x4  
  23  3:02  Zergling x4  
  25  3:18  Evolution Chamber  
  24  3:23  Evolution Chamber  
  24  3:25  Zergling x4  
  25  3:35  Drone  
  22  4:27  Zergling x12  
  26  4:51  Zergling x2  
  26  4:52  Zergling x6  
  30  5:04  Zerg Melee Weapons Level 1, Zerg Ground Armor Level 1  
  28  5:08  Lair  
  25  5:29  Zergling x2  
  25  5:30  Zergling x10  
  31  5:43  Burrow  
  31  6:00  Baneling Nest  
  31  6:03  Drone x2  
  31  6:04  Drone x4  
  36  6:31  Roach Warren  
  35  6:36  Drone  
  35  6:37  Overlord x3  
  35  6:38  Overlord  
  35  6:58  Hatchery  
  34  7:21  Hatchery  
  33  7:33  Hatchery  
  32  7:45  Drone x2  
  32  7:46  Drone x3  
  32  7:49  Roach  
  39  7:55  Centrifical Hooks  
  39  7:58  Zerg Ground Armor Level 2, Zerg Melee Weapons Level 2  
  39  8:02  Queen  
  41  8:11  Infestation Pit  
  40  8:15  Baneling  
  40  8:16  Baneling x7  
  40  8:17  Baneling x7  
  40  8:18  Baneling  
  40  8:41  Drone x3  
  40  8:42  Drone x6  
  41  9:07  Roach  
  41  9:08  Roach x4  
  41  9:09  Zergling x6  
  54  9:10  Zergling x2  
  55  9:20  Hive  
  55  9:28  Drone x2  
  55  9:29  Drone x3  
  60  9:45  Drone  
  60  9:46  Drone x4  
  60  9:48  Drone x2  
  60  9:49  Drone  
  60  9:50  Drone x2  
  70  10:01  Glial Reconstitution  
  70  10:15  Zergling x22  
  81  10:22  Overlord  
  81  10:30  Ravager  
  81  10:31  Ravager x2  
  84  10:58  Baneling x5  
  84  10:59  Baneling x21  
  84  11:10  Queen  
  84  11:11  Hatchery  
  85  11:14  Extractor, Overlord x3  
  85  11:15  Extractor  
  85  11:17  Drone x2  
  85  11:18  Hatchery  
  84  11:19  Tunneling Claws  
  78  11:25  Extractor x2  
  69  11:43  Zergling x2  
  69  11:45  Zergling x22  
  69  11:46  Zergling x6  
  84  12:03  Drone x4  
  84  12:04  Drone  
  58  13:14  Zergling x16  
  58  13:15  Zergling x26  
  79  13:56  Zerg Melee Weapons Level 3, Zerg Ground Armor Level 3  
  79  13:59  Pathogen Glands  
  79  14:09  Extractor  
  78  14:12  Extractor  
  77  14:22  Extractor  
  77  14:23  Drone  
  79  14:24  Drone x17  
  79  14:25  Drone x3  
  79  14:27  Extractor  
  79  14:30  Extractor  
  95  14:33  Extractor  
  94  14:38  Extractor  
  94  14:44  Extractor  
  92  14:55  Neural Parasite  
  92  15:14  Drone x2  
  92  15:15  Drone x12  
  91  15:57  Adrenal Glands  
  91  16:07  Drone x21  
  112  16:14  Unknown  
  112  16:33  Zerg Missile Weapons Level 1  
  112  16:57  Hydralisk Den x2  
  110  17:02  Spire  
  110  17:03  Spire  
  108  17:26  Pneumatized Carapace  
  108  17:57  Drone x14  
  122  18:00  Overlord  
  122  18:01  Overlord x6  
  122  18:16  Baneling x5  
  122  18:17  Baneling x7  
  122  18:41  Overlord x2  
  122  18:42  Overlord x2  
  122  18:44  Overlord x3  
  122  18:45  Overlord x5  
  122  18:46  Overlord x9  
  122  19:49  Hatchery  
  121  19:55  Hatchery  
  121  19:56  Hatchery  
  119  20:02  Hatchery  
  119  20:03  Hatchery  
  117  20:12  Hatchery  
  117  20:13  Hatchery  
  115  20:14  Hatchery  
  115  20:16  Hatchery  
  115  20:17  Hatchery x2  
  111  20:22  Hatchery  
  111  20:23  Hatchery, Greater Spire  
  111  20:25  Greater Spire  
  109  20:29  Zerg Missile Weapons Level 2  
  109  20:34  Muscular Augments, Grooved Spines  
  106  21:05  Ultralisk Cavern  
  106  21:09  Ultralisk Cavern  
  104  21:12  Lurker Den  
  104  21:16  Lurker Den  
  102  21:30  Corruptor  
  102  21:31  Corruptor x6  
  102  21:32  Corruptor x5  
  120  21:33  Corruptor x5  
  136  21:44  Hydralisk x3  
  136  21:45  Hydralisk  
  144  22:04  Ultralisk x3  
  144  22:06  Ultralisk  
  168  22:09  Mutalisk x2  
  168  22:11  Mutalisk x3  
  168  22:13  Roach x4  
  168  22:14  Hydralisk x4, Roach  
  196  22:15  Hydralisk x2  
  200  22:23  Seismic Spines, Adaptive Talons  
  200  22:25  Chitinous Plating  
  200  22:26  Anabolic Synthesis  
  200  22:28  Zerg Flyer Armor Level 1, Zerg Flyer Weapons Level 1  
  200  23:15  Baneling x12  
  194  24:01  Lurker x4  
  194  24:02  Lurker x2  
  200  24:53  Overseer  
  200  25:23  Zerg Flyer Weapons Level 2, Zerg Flyer Armor Level 2  
  200  25:27  Zerg Missile Weapons Level 3  
  200  25:47  Overseer  
  200  25:48  Overseer x6  
  122  26:57  Corruptor x2  
  122  26:58  Corruptor x6  
  122  26:59  Corruptor x3  
  122  27:00  Corruptor  
  122  27:01  Hydralisk x5  
  138  27:02  Hydralisk x5  
  138  27:04  Roach x3  
  138  27:05  Roach x5  
  138  27:06  Roach  
  138  27:07  Zergling x10  
  138  27:08  Zergling x38  
  188  28:05  Ultralisk  
  188  28:06  Ultralisk x2  
  150  29:22  Brood Lord x4  
  150  29:23  Brood Lord x3  
  163  29:24  Brood Lord  
  165  30:21  Zergling x2  
  165  30:22  Zergling x40  
  165  30:23  Zergling x26  
  193  30:44  Corruptor x3  
  193  30:45  Corruptor  
  141  33:22  Corruptor  
  141  33:23  Corruptor x24  
  141  33:24  Corruptor x4  
  174  34:41  Brood Lord  
  174  34:42  Brood Lord x12  
Show
View Real Time Build Order
Export as new Build Order

tigro Terran 

Build Orders:  

Get SALT Encoding   

  12  0:02  SCV  
  13  0:17  Supply Depot  
  13  0:18  SCV  
  14  0:30  SCV  
  15  0:47  SCV  
  16  0:52  Barracks  
  16  0:56  Refinery  
  16  0:59  SCV  
  16  1:04  Refinery  
  17  1:11  SCV  
  18  1:24  SCV  
  19  1:27  Supply Depot  
  19  1:36  SCV  
  20  1:41  Marine  
  21  1:53  Barracks  
  21  1:59  Marine  
  22  2:16  Engineering Bay  
  22  2:17  Marine  
  22  2:19  Orbital Command  
  23  2:35  Marine  
  24  2:42  Barracks Tech Lab  
  24  2:53  Marine  
  24  2:55  SCV  
  26  3:07  SCV  
  26  3:10  Marine  
  28  3:14  Command Center  
  28  3:28  Marine  
  29  3:35  Combat Shield  
  29  3:39  Terran Infantry Weapons Level 1  
  31  3:55  Marauder  
  31  4:02  Barracks Tech Lab  
  30  4:25  Marauder  
  32  4:46  Marauder  
  32  4:48  Planetary Fortress  
  34  4:54  Stimpack  
  34  4:56  Refinery  
  34  5:01  SCV  
  35  5:13  SCV  
  36  5:25  SCV  
  37  5:34  Terran Infantry Armor Level 1  
  37  5:52  Factory  
  37  5:59  Marine  
  37  6:02  Marauder  
  40  6:07  SCV  
  41  6:17  Marine  
  42  6:19  SCV  
  42  6:24  Marauder  
  45  6:31  Refinery  
  45  6:32  SCV  
  46  6:34  Concussive Shells  
  46  6:35  Marine  
  47  6:44  SCV  
  47  6:45  Marauder  
  50  6:53  Marine  
  51  6:56  SCV  
  52  7:05  Factory Tech Lab  
  52  7:07  Marauder  
  54  7:16  Factory  
  54  7:21  Marine  
  55  7:28  Marauder, Supply Depot  
  57  7:31  Infernal Pre-Igniter  
  57  7:39  Marine  
  58  7:57  Marine  
  59  8:10  Armory  
  59  8:15  Marine  
  60  8:32  Marine  
  61  8:44  Siege Tank  
  61  8:48  Neosteel Armor  
  64  8:50  Mag-Field Accelerator  
  64  8:54  Missile Turret  
  64  8:56  Factory Tech Lab  
  57  9:16  Siege Tank  
  60  9:35  Starport  
  60  9:48  Siege Tank  
  60  9:51  Marauder  
  65  10:01  Missile Turret  
  65  10:13  Marauder, SCV  
  68  10:17  Medivac  
  70  10:22  Supply Depot  
  70  10:25  SCV  
  71  10:28  Hi-Sec Auto Tracking  
  71  10:29  Starport  
  71  10:37  SCV  
  72  10:47  Medivac  
  72  10:49  SCV  
  75  11:01  SCV  
  76  11:09  Missile Turret  
  76  11:20  Starport Tech Lab  
  66  11:46  Fusion Core  
  66  11:51  Refinery  
  66  12:25  Missile Turret  
  66  12:33  Marauder  
  66  12:36  Marine  
  56  12:47  Thor  
  56  12:49  Thor  
  59  12:53  Marine  
  59  12:54  Marauder  
  62  13:11  Marine  
  63  13:16  Marauder  
  65  13:21  SCV  
  66  13:29  Marine  
  66  13:31  Starport Tech Lab  
  66  13:33  SCV  
  68  13:37  Marauder  
  68  13:40  Missile Turret  
  70  13:44  Terran Vehicle Weapons Level 1  
  70  13:45  SCV  
  70  13:46  Terran Infantry Weapons Level 2  
  70  13:47  Marine  
  72  13:51  Drilling Claws  
  72  13:59  Marauder  
  74  14:09  Command Center  
  74  14:47  SCV  
  75  14:56  Supply Depot  
  75  15:03  Command Center  
  75  15:06  Battlecruiser  
  81  15:09  Smart Servos  
  81  15:18  Battlecruiser  
  81  15:20  Supply Depot  
  81  15:38  Terran Vehicle And Ship Armor Level 1  
  81  15:40  Siege Tank  
  81  15:42  Siege Tank  
  87  16:01  Terran Infantry Armor Level 2  
  87  16:12  Siege Tank  
  87  16:14  Siege Tank  
  87  16:15  Planetary Fortress  
  87  16:17  Refinery  
  93  16:19  Planetary Fortress  
  93  16:22  Refinery  
  93  16:33  Missile Turret  
  93  16:34  Missile Turret  
  93  16:55  Refinery  
  93  17:00  Missile Turret  
  93  17:30  Thor  
  93  17:32  Terran Ship Weapons Level 1, Battlecruiser  
  93  17:36  Battlecruiser  
  111  17:56  Missile Turret  
  111  18:08  Supply Depot  
  111  18:27  Missile Turret  
  111  18:48  Terran Infantry Weapons Level 3, Missile Turret  
  111  19:16  Missile Turret  
  111  19:25  Missile Turret  
  111  19:26  Terran Vehicle And Ship Armor Level 2  
  111  19:31  Missile Turret  
  111  19:49  Missile Turret  
  111  20:01  Missile Turret  
  111  20:02  Corvid Reactor  
  111  20:06  Hyperflight Rotors  
  111  20:45  Missile Turret  
  111  20:46  Missile Turret  
  111  21:03  Missile Turret  
  111  21:21  Cloaking Field  
  111  21:25  Terran Infantry Armor Level 3  
  117  21:40  Battlecruiser  
  117  21:41  Battlecruiser  
  123  21:49  Refinery  
  123  22:06  Refinery  
  123  22:16  Refinery  
  123  22:30  Supply Depot  
  123  22:31  Command Center  
  123  22:40  Refinery  
  123  22:44  Battlecruiser  
  129  22:46  Battlecruiser  
  135  22:59  Refinery  
  135  23:15  Missile Turret  
  135  23:48  Planetary Fortress  
  135  23:50  Battlecruiser  
  135  23:52  Missile Turret  
  141  24:02  Raven  
  143  24:44  Raven  
  145  24:54  Battlecruiser  
  151  25:29  Command Center  
  151  25:46  Battlecruiser, Missile Turret  
  157  25:58  Battlecruiser  
  163  26:18  Missile Turret  
  130  26:25  Weapon Refit  
  96  26:50  Raven  
  96  26:58  Missile Turret  
  96  27:03  Battlecruiser  
  102  27:12  Planetary Fortress, Refinery  
  93  28:06  Rapid Reignition System  
  93  28:11  Battlecruiser  
  99  28:18  SCV  
  92  28:30  SCV  
  67  28:42  SCV  
  56  29:02  Marine  
  45  29:06  Marine  
  47  29:11  Battlecruiser  
  53  29:20  Marine  
  53  29:23  Marine  
  65  29:41  Marine  
  48  30:10  Battlecruiser  
  31  31:57  Engineering Bay  
  16  33:52  Supply Depot  
  16  34:00  Refinery  
Tags
 
Matchup
TvZ
Opening
Pool First
Replay Pack
MrFercho
Add a new tag
Caveats
  • Supply blocks, unpowered buildings, or Contaminate may cause inaccurate times.
  • Supply counts are checked every 10 seconds.